 Dungeon Crawl Stone Soup version 0.24-a0-524-gf43b32f898 (webtiles) character file.

Game seed: 12701394302859685494

2074 Peloso the Carver (level 9, -4/78 HPs)
             Began as a Minotaur Fighter on July 31, 2019.
             Slain by a vampire mosquito (5 damage)
             ... on level 12 of the Dungeon.
             The game lasted 00:08:26 (4375 turns).

Peloso the Carver (Minotaur Fighter)                Turns: 4375, Time: 00:08:26

Health: -4/78      AC: 13    Str: 22    XL:     9   Next: 6%
Magic:  8/8        EV:  8    Int:  5    God:
Gold:   373        SH: 11    Dex: 12    Spells: 8/8 levels left

rFire    . . .     SeeInvis .   a - +0 long sword
rCold    . . .     Gourm    .   c - +0 shield
rNeg     . . .     Faith    +   l - +2 chain mail {rPois}
rPois    +         Spirit   .   (helmet restricted)
rElec    .         Reflect  .   (no cloak)
rCorr    .         Harm     .   (no gloves)
MR       .....     Rnd*Tele +   w - +0 pair of boots
Stlth    ..........             h - amulet of faith
HPRegen  0.23/turn              C - ring of poison resistance
MPRegen  0.11/turn              p - ring of teleportation (curse)

@: no status effects
A: retaliatory headbutt, horns 2
a: no special abilities


You were on level 12 of the Dungeon.
You were hungry.

You visited 1 branch of the dungeon, and saw 9 of its levels.

You collected 373 gold pieces.

Inventory:

Hand Weapons
 a - a +0 long sword (weapon)
Armour
 b - a +0 scale mail
 c - a +0 shield (worn)
 l - a +2 chain mail of poison resistance (worn)
 w - a +0 pair of boots (worn)
Jewellery
 h - an amulet of faith (around neck)
 m - a +1 ring of protection
 p - a cursed ring of teleportation (right hand)
 q - an uncursed ring of ice
 z - an uncursed ring of magical power
 C - a ring of poison resistance (left hand)
Wands
 y - a wand of digging (3)
 D - a wand of flame (22)
Scrolls
 e - 3 scrolls of remove curse {unknown}
 g - 5 scrolls of identify {unknown}
 i - 2 scrolls of fear {unknown}
 j - a scroll of amnesia {unknown}
 k - 2 scrolls of enchant weapon {unknown}
 o - a scroll of immolation {unknown}
 A - a scroll of enchant armour {unknown}
 E - a scroll of noise {unknown}
Potions
 d - 3 potions of might
 n - 3 potions of agility {unknown}
 r - a potion of degeneration {unknown}
 s - 2 potions of mutation {unknown}
 t - a potion of lignification {unknown}
 u - a potion of haste {unknown}
 v - a potion of invisibility {unknown}
 x - a potion of resistance {unknown}
 B - 2 potions of heal wounds {unknown}
Comestibles
 f - 7 rations


   Skills:
 + Level 6.5 Fighting
 + Level 8.7 Long Blades
 + Level 7.1 Armour
 + Level 3.8 Dodging
 + Level 0.3 Stealth
 + Level 7.6 Shields


You had 8 spell levels left.
You didn't know any spells.
Your spell library was empty.

Dungeon Overview and Level Annotations

Branches:
Dungeon (12/15)
 Temple: D:4-7         Lair: D:8-11         Orc: D:9-12

Altars:


Innate Abilities, Weirdness & Mutations

You reflexively headbutt those who attack you in melee.
You have a pair of horns on your head.


Message History

The vampire mosquito misses you. You furiously retaliate!
You headbutt the vampire mosquito!
You riposte.
You barely miss the vampire mosquito.
Your headbutt misses the vampire mosquito.
The vampire mosquito is heavily damaged.
The bullfrog hits you.
* * * LOW HITPOINT WARNING * * *
The ogre hits you with a +0 giant club!
* * * LOW HITPOINT WARNING * * *
The vampire mosquito barely misses you. You furiously retaliate!
You headbutt the vampire mosquito.
You riposte.
You closely miss the vampire mosquito.
The vampire mosquito is heavily damaged.
You block the vampire mosquito's attack.
The vampire mosquito barely misses you.
The bullfrog hits you but does no damage.
You block the vampire mosquito's attack.
Unknown command.
The vampire mosquito bites you.
You die...

.. # .#.# .#
.....####.#.#
#..oFyy....#
#@#
#...oOF......#
#.#.##.#.#####
.. ...... ##
### .## .# #


You could see an orc warrior, 2 vampire mosquitoes, an ogre, 2 bullfrogs and an
orc.

Vanquished Creatures
  A cyclops (D:11)
  A basilisk (D:11)
  A porcupine (D:8)
  4 phantoms
  An ogre (D:6)
  A sky beast (D:11)
  A bullfrog (D:6)
  2 scorpions
  2 crimson imps
  A bullfrog zombie (D:4)
  2 hounds
  An orc priest (D:4)
  A bullfrog skeleton (D:11)
  5 worker ants
  2 iguanas
  5 orc wizards
  A hound skeleton (D:11)
  Robin (D:2)
  A gnoll (D:1)
  8 adders
  An adder skeleton (D:6)
  An adder zombie (D:6)
  3 worms
  2 dart slugs
  2 leopard geckos
  18 orcs
  2 bats
  A giant cockroach (D:6)
  18 goblins
  7 hobgoblins
  4 jackals (D:6)
  4 kobolds
  2 quokkas
  2 ball pythons
  4 frilled lizards
  4 rats
117 creatures vanquished.

Vanquished Creatures (others)
  A plant (D:8)
1 creature vanquished.

Grand Total: 118 creatures vanquished

Notes
Turn   | Place    | Note
-------+----------+-------------------------------------------
     0 | D:1      | Peloso the Minotaur Fighter began the quest for the Orb.
     0 | D:1      | Reached XP level 1. HP: 19/19 MP: 0/0
    11 | D:1      | Reached XP level 2. HP: 22/27 MP: 1/1
  1056 | D:2      | Noticed Robin
  1062 | D:2      | Reached XP level 3. HP: 30/33 MP: 2/2
  1085 | D:2      | Killed Robin
  1085 | D:2      | Reached skill level 3 in Long Blades
  1119 | D:2      | Reached skill level 1 in Dodging
  1198 | D:2      | Reached XP level 4. HP: 30/40 MP: 3/3
  1870 | D:3      | Noticed a phantom
  1897 | D:3      | Killed a phantom
  1897 | D:3      | Reached skill level 4 in Long Blades
  1897 | D:3      | Reached XP level 5. HP: 44/47 MP: 4/4
  1949 | D:3      | Reached skill level 5 in Long Blades
  1949 | D:3      | Reached skill level 5 in Armour
  2277 | D:4      | Noticed a phantom
  2301 | D:4      | Reached XP level 6. HP: 53/53 MP: 5/5
  2340 | D:4      | Reached skill level 5 in Shields
  2490 | D:4      | Reached skill level 6 in Long Blades
  2517 | D:4      | Reached XP level 7. HP: 29/60 MP: 6/6
  2584 | D:4      | Reached skill level 5 in Fighting
  3037 | D:5      | Entered Level 5 of the Dungeon
  3329 | D:6      | Reached XP level 8. HP: 52/69 MP: 7/7
  3439 | D:6      | Reached skill level 7 in Long Blades
  3715 | D:6      | Found a sand-covered staircase.
  3798 | D:6      | You fall into a shaft and drop 2 floors!
  3823 | D:8      | You fall into a shaft and drop 3 floors!
  3878 | D:11     | Reached skill level 8 in Long Blades
  3991 | D:11     | Noticed a cyclops
  3999 | D:11     | Killed a cyclops
  3999 | D:11     | Reached XP level 9. HP: 10/78 MP: 8/8
  4242 | D:11     | Noticed a manticore
  4362 | D:12     | Noticed a six-headed hydra
  4373 | D:12     | HP: 1/78 [ogre/+0 giant club (14)]
  4375 | D:12     | Slain by a vampire mosquito

Levels and vault maps discovered:
D:1:      dpeg_arrival_chambers_temple_mockup, layout_basic
D:2:      cheibrodos_greedy_goblins, layout_basic, uniq_robin
D:3:      layout_basic
D:4:      layout_loops_ring, kennysheep_decorative_pillar
D:5:      wad_woods_pond, layout_basic, first_ration, fedhas_altar_3
D:6:      layout_loops_ring, nicolae_ossuary_entry_monument
D:8:      layout_basic, minmay_lair_entry_grove, grunt_pizzeria,
          minmay_circle_x, uniq_pikel
D:11:     layout_gridville, gauntlet_entry_generic, xom_teletrap_fun
D:12:     layout_basic, david_orc_2, uniq_azrael

Skill      XL: |  1  2  3  4  5  6  7  8 |
---------------+-------------------------+-----
Fighting       | 4 5 6 |  6.5
Armour         | 4 5 7 |  7.1
Shields        | 4 5 6 7 |  7.6
Long Blades    | 3 4 5 6 8 |  8.7
Dodging        | 1 2 3 |  3.8
Stealth        | |  0.3

Action                   |  1- 3 |  4- 6 |  7- 9 || total
-------------------------+-------+-------+-------++-------
Melee: Long sword        |    80 |   163 |   187 ||   430
       Headbutt          |    18 |    32 |    44 ||    94
  Use: Potion            |       |       |     1 ||     1
  Eat: Chunk             |     1 |     4 |     6 ||    11
Armor: Scale mail        |     4 |       |       ||     4
       Chain mail        |    30 |   105 |   104 ||   239
Dodge: Dodged            |    10 |    43 |    62 ||   115
Block: Shield            |    26 |    97 |   122 ||   245
       Rpst.: Long sword |     3 |    17 |    24 ||    44

Table legend:
 A = Non-vault XP
 B = Vault XP
 C = Vault XP percentage of total XP
 D = Non-vault monster count
 E = Vault monster count
 F = Vault count percentage of total count
                 A         B        C        D         E       F
            +---------+---------+-------+---------+---------+-------
      Total |    2772 |     191 |   6.4 |      97 |      20 |  17.1
            +---------+---------+-------+---------+---------+-------
        D:1 |      37 |       0 |   0.0 |      15 |       0 |   0.0
        D:2 |      64 |      48 |  42.9 |       7 |      19 |  73.1
        D:3 |     215 |       0 |   0.0 |      13 |       0 |   0.0
        D:4 |     668 |       0 |   0.0 |      22 |       0 |   0.0
        D:5 |     156 |       0 |   0.0 |       3 |       0 |   0.0
        D:6 |     592 |       0 |   0.0 |      27 |       0 |   0.0
        D:8 |      46 |     143 |  75.7 |       1 |       1 |  50.0
       D:11 |     994 |       0 |   0.0 |       9 |       0 |   0.0
            +---------+---------+-------+---------+---------+-------
